Workbook
Name \0: #REF!
Name page\x2dtotal: #REF!
Name page\x2dtotal\x2dmaster0: #REF!

Sheet ROA
B1: Note: Please find your department below. If your department is not listed below, please add a table to report your balances.
B3: Governmental Activities
C5: Balance at October 1, 2025 | D5: Additions | E5: Deductions | F5: Balance at September 30, 2026
B6: Buildings | C6: 180272 | F6: =SUM(C6:E6) -> 180272
B7: Equipment | C7: 2630 | F7: =SUM(C7:E7) -> 2630
B8: Vehicle | C8: 0 | F8: 0
B9: Total right to use lease assets | C9: {=SUM(ROUND(C6:C8,0))} -> 182902 | D9: {=SUM(ROUND(D6:D8,0))} -> 0 | E9: {=SUM(ROUND(E6:E8,0))} -> 0 | F9: {=SUM(ROUND(F6:F8,0))} -> 182902
B11: Less accumulated amortization
B12: Buildings | C12: -40526 | F12: =SUM(C12:E12) -> -40526
B13: Equipment | C13: -1229 | F13: =SUM(C13:E13) -> -1229
B14: Vehicle | C14: 0 | F14: =SUM(C14:E14) -> 0
B15: Total accumulated amortization | C15: {=SUM(ROUND(C12:C14,0))} -> -41755 | D15: {=SUM(ROUND(D12:D14,0))} -> 0 | E15: {=SUM(ROUND(E12:E14,0))} -> 0 | F15: {=SUM(ROUND(F12:F14,0))} -> -41755
B16: Total right to use lease assets, net | C16: =+C9+C15 -> 141147 | D16: =+D9+D15 -> 0 | E16: =+E9+E15 -> 0 | F16: =+F9+F15 -> 141147
B18: Business-type Activities
C20: Balance at October 1, 2025 | D20: Additions | E20: Deductions | F20: Adjustments | G20: Balance at September 30, 2026
B21: Land | C21: 330 | G21: =SUM(C21:F21) -> 330
B22: Buildings | C22: 75530 | G22: =SUM(C22:F22) -> 75530
B23: Equipment | C23: 30902 | G23: =SUM(C23:F23) -> 30902
B24: Total right to use lease assets | C24: {=SUM(ROUND(C21:C23,0))} -> 106762 | D24: {=SUM(ROUND(D21:D23,0))} -> 0 | E24: {=SUM(ROUND(E21:E23,0))} -> 0 | F24: {=SUM(ROUND(F21:F23,0))} -> 0 | G24: {=SUM(ROUND(G21:G23,0))} -> 106762
B26: Less accumulated amortization
B27: Land | C27: -193 | G27: =SUM(C27:F27) -> -193
B28: Buildings | C28: -21814 | G28: =SUM(C28:F28) -> -21814
B29: Equipment | C29: -7678 | G29: =SUM(C29:F29) -> -7678
B30: Total accumulated amortization | C30: {=SUM(ROUND(C27:C29,0))} -> -29685 | D30: {=SUM(ROUND(D27:D29,0))} -> 0 | E30: {=SUM(ROUND(E27:E29,0))} -> 0 | F30: {=SUM(ROUND(F27:F29,0))} -> 0 | G30: {=SUM(ROUND(G27:G29,0))} -> -29685
B31: Total right to use lease assets, net | C31: =+C24+C30 -> 77077 | D31: =+D24+D30 -> 0 | E31: =+E24+E30 -> 0 | F31: =+F24+F30 -> 0 | G31: =+G24+G30 -> 77077
B33: Business-type Activities - Transit
C34: Balance at October 1, 2025 | D34: Additions | E34: Deductions | F34: Adjustments | G34: Balance at September 30, 2026
B35: Land | C35: 330 | G35: =SUM(C35:F35) -> 330
B36: Buildings | C36: 0 | G36: =SUM(C36:F36) -> 0
B37: Equipment | C37: 0 | G37: =SUM(C37:F37) -> 0
B38: Total lease assets | C38: =SUM(C35:C37) -> 330 | D38: =SUM(D35:D37) -> 0 | E38: =SUM(E35:E37) -> 0 | F38: =SUM(F35:F37) -> 0 | G38: =SUM(G35:G37) -> 330
B40: Less accumulated amortization
B41: Land | C41: -193 | G41: =SUM(C41:F41) -> -193
B42: Buildings | C42: 0 | G42: =SUM(C42:F42) -> 0
B43: Equipment | C43: 0 | G43: =SUM(C43:F43) -> 0
B44: Total accumulated amortization | C44: =SUM(C41:C43) -> -193 | D44: =SUM(D41:D43) -> 0 | E44: =SUM(E41:E43) -> 0 | F44: =SUM(F41:F43) -> 0 | G44: =SUM(G41:G43) -> -193
B45: Total lease assets, net | C45: =+C38+C44 -> 137 | D45: =+D38+D44 -> 0 | E45: =+E38+E44 -> 0 | F45: =+F38+F44 -> 0 | G45: =+G38+G44 -> 137
B47: Business-types Activities - Solid Waste
C48: Balance at October 1, 2025 | D48: Additions | E48: Deductions | F48: Adjustments | G48: Balance at September 30, 2026
B49: Buildings | C49: 2019 | G49: =SUM(C49:E49) -> 2019
B50: Equipment | G50: =SUM(C50:E50) -> 0
B51: Total lease assets | C51: =SUM(C49:C50) -> 2019 | D51: =SUM(D49:D50) -> 0 | E51: =SUM(E49:E50) -> 0 | G51: =SUM(G49:G50) -> 2019
B53: Less accumulated amortization
B54: Buildings | C54: -2019 | G54: =SUM(C54:E54) -> -2019
B55: Equipment | G55: =SUM(C55:E55) -> 0
B56: Total accumulated amortization | C56: =SUM(C54:C55) -> -2019 | D56: =SUM(D54:D55) -> 0 | E56: =SUM(E54:E55) -> 0 | F56: =SUM(F54:F55) -> 0 | G56: =SUM(G54:G55) -> -2019
B57: Total lease assets, net | C57: =+C51+C56 -> 0 | D57: =+D51+D56 -> 0 | E57: =+E51+E56 -> 0 | F57: =+F51+F56 -> 0 | G57: =+G51+G56 -> 0
B59: Business-types Activities - Seaport
C60: Balance at October 1, 2025 | D60: Additions | E60: Deductions | F60: Adjustments | G60: Balance at September 30, 2026
B61: Buildings | C61: 2572 | G61: =SUM(C61:E61) -> 2572
B62: Equipment | C62: 0 | G62: =SUM(C62:E62) -> 0
B63: Total lease assets | C63: =SUM(C61:C62) -> 2572 | D63: =SUM(D61:D62) -> 0 | E63: =SUM(E61:E62) -> 0 | F63: =SUM(F61:F62) -> 0 | G63: =SUM(G61:G62) -> 2572
B65: Less accumulated amortization
B66: Buildings | C66: -148 | G66: =SUM(C66:E66) -> -148
B67: Equipment | C67: 0 | G67: =SUM(C67:E67) -> 0
B68: Total accumulated amortization | C68: =SUM(C66:C67) -> -148 | D68: =SUM(D66:D67) -> 0 | E68: =SUM(E66:E67) -> 0 | F68: =SUM(F66:F67) -> 0 | G68: =SUM(G66:G67) -> -148
B69: Total lease assets, net | C69: =+C63+C68 -> 2424 | D69: =+D63+D68 -> 0 | E69: =+E63+E68 -> 0 | F69: =+F63+F68 -> 0 | G69: =+G63+G68 -> 2424
B71: Business-types Activities - Aviation
C72: Balance at October 1, 2025 | D72: Additions | E72: Deductions | F72: Adjustments | G72: Balance at September 30, 2026
B73: Buildings | C73: 7355 | G73: =SUM(C73:E73) -> 7355
B74: Equipment | C74: 0 | G74: =SUM(C74:E74) -> 0
B75: Total lease assets | C75: =SUM(C73:C74) -> 7355 | D75: =SUM(D73:D74) -> 0 | E75: =SUM(E73:E74) -> 0 | F75: =SUM(F73:F74) -> 0 | G75: =SUM(G73:G74) -> 7355
B77: Less accumulated amortization
B78: Buildings | C78: -2377 | G78: =SUM(C78:E78) -> -2377
B79: Equipment | C79: 0 | G79: =SUM(C79:E79) -> 0
B80: Total accumulated amortization | C80: =SUM(C78:C79) -> -2377 | D80: =SUM(D78:D79) -> 0 | E80: =SUM(E78:E79) -> 0 | F80: =SUM(F78:F79) -> 0 | G80: =SUM(G78:G79) -> -2377
B81: Total lease assets, net | C81: =+C75+C80 -> 4978 | D81: =+D75+D80 -> 0 | E81: =+E75+E80 -> 0 | F81: =+F75+F80 -> 0 | G81: =+G75+G80 -> 4978
B83: Business-types Activities - Water and Sewer
C84: Balance at October 1, 2025 | D84: Additions | E84: Deductions | F84: Adjustments | G84: Balance at September 30, 2026
B85: Buildings | C85: 0 | G85: =SUM(C85:E85) -> 0
B86: Equipment | C86: 660 | G86: =SUM(C86:E86) -> 660
B87: Total lease assets | C87: =SUM(C85:C86) -> 660 | D87: =SUM(D85:D86) -> 0 | E87: =SUM(E85:E86) -> 0 | F87: =SUM(F85:F86) -> 0 | G87: =SUM(G85:G86) -> 660
B89: Less accumulated amortization
B90: Buildings | C90: 0 | G90: =SUM(C90:E90) -> 0
B91: Equipment | C91: -385 | G91: =SUM(C91:E91) -> -385
B92: Total accumulated amortization | C92: =SUM(C90:C91) -> -385 | D92: =SUM(D90:D91) -> 0 | E92: =SUM(E90:E91) -> 0 | F92: =SUM(F90:F91) -> 0 | G92: =SUM(G90:G91) -> -385
B93: Total lease assets, net | C93: =+C87+C92 -> 275 | D93: =+D87+D92 -> 0 | E93: =+E87+E92 -> 0 | F93: =+F87+F92 -> 0 | G93: =+G87+G92 -> 275
B95: Business-types Activities - Public Health Trust
C96: Balance at October 1, 2025 | D96: Additions | E96: Deductions | F96: Adjustments | G96: Balance at September 30, 2026
B97: Buildings | C97: 63584 | G97: =SUM(C97:E97) -> 63584
B98: Equipment | C98: 30242 | G98: =SUM(C98:E98) -> 30242
B99: Total lease assets | C99: =SUM(C97:C98) -> 93826 | D99: =SUM(D97:D98) -> 0 | E99: =SUM(E97:E98) -> 0 | F99: =SUM(F97:F98) -> 0 | G99: =SUM(G97:G98) -> 93826
B101: Less accumulated amortization
B102: Buildings | C102: -17270 | G102: =SUM(C102:E102) -> -17270
B103: Equipment | C103: -7293 | G103: =SUM(C103:E103) -> -7293
B104: Total accumulated amortization | C104: =SUM(C102:C103) -> -24563 | D104: =SUM(D102:D103) -> 0 | E104: =SUM(E102:E103) -> 0 | F104: =SUM(F102:F103) -> 0 | G104: =SUM(G102:G103) -> -24563
B105: Total lease assets, net | C105: =+C99+C104 -> 69263 | D105: =+D99+D104 -> 0 | E105: =+E99+E104 -> 0 | F105: =+F99+F104 -> 0 | G105: =+G99+G104 -> 69263
B108: Business-types Activities - Rickenbacker Causeway - N/A
C109: Balance at October 1, 2025 | D109: Additions | E109: Deductions | F109: Adjustments | G109: Balance at September 30, 2026
B110: Buildings | C110: 0 | G110: =SUM(C110:E110) -> 0
B111: Equipment | C111: 0 | G111: =SUM(C111:E111) -> 0
B112: Total lease assets | C112: =SUM(C110:C111) -> 0 | D112: =SUM(D110:D111) -> 0 | E112: =SUM(E110:E111) -> 0 | F112: =SUM(F110:F111) -> 0 | G112: =SUM(G110:G111) -> 0
B114: Less accumulated amortization
B115: Buildings | C115: 0 | G115: =SUM(C115:E115) -> 0
B116: Equipment | C116: 0 | G116: =SUM(C116:E116) -> 0
B117: Total accumulated amortization | C117: =SUM(C115:C116) -> 0 | D117: =SUM(D115:D116) -> 0 | E117: =SUM(E115:E116) -> 0 | F117: =SUM(F115:F116) -> 0 | G117: =SUM(G115:G116) -> 0
B118: Total lease assets, net | C118: =+C112+C117 -> 0 | D118: =+D112+D117 -> 0 | E118: =+E112+E117 -> 0 | F118: =+F112+F117 -> 0 | G118: =+G112+G117 -> 0

Sheet Lease liability
B1: Note: Please find your department below. If your department is not listed below, please add a table to report your balances.
B3: Governmental Activities
C4: Balance at October 1, 2025 | D4: Additions | E4: Deductions | F4: Balance at September 30, 2026 | G4: Amount due within one year
B5: Buildings | C5: 145653 | F5: =+C5+D5+E5 -> 145653
B6: Equipment | C6: 1430 | F6: =+C6+D6+E6 -> 1430
B7: Vehicles | C7: 0 | F7: =+C7+D7+E7 -> 0
B8: Total lease liabilities | C8: {=SUM(ROUND(C5:C7,0))} -> 147083 | D8: {=SUM(ROUND(D5:D7,0))} -> 0 | E8: {=SUM(ROUND(E5:E7,0))} -> 0 | F8: {=SUM(ROUND(F5:F7,0))} -> 147083 | G8: {=SUM(ROUND(G5:G7,0))} -> 0
B11: Business-type Activities
C12: Balance at October 1, 2025 | D12: Additions | E12: Deductions | F12: Balance at September 30, 2026 | G12: Amount due within one year
B13: Land | C13: =C21+C29+C37+C45+C53+C61+C69 -> 193 | F13: =SUM(C13:E13) -> 193
B14: Buildings | C14: =C22+C30+C38+C46+C54+C62+C70 -> 58629 | F14: =SUM(C14:E14) -> 58629
B15: Equipment | C15: =C23+C31+C39+C47+C55+C63+C71 -> 23235 | F15: =SUM(C15:E15) -> 23235
B16: Total lease liabilities | C16: {=SUM(ROUND(C13:C15,0))} -> 82057 | D16: {=SUM(ROUND(D13:D15,0))} -> 0 | E16: {=SUM(ROUND(E13:E15,0))} -> 0 | F16: {=SUM(ROUND(F13:F15,0))} -> 82057 | G16: {=SUM(ROUND(G13:G15,0))} -> 0
B19: Business-type Activities-Transit
C20: Balance at October 1, 2025 | D20: Additions | E20: Deductions | F20: Balance at September 30, 2026 | G20: Amount due within one year
B21: Land | C21: 193 | F21: =SUM(C21:E21) -> 193
B22: Buildings | C22: 0 | F22: =SUM(C22:E22) -> 0
B23: Equipment | C23: 0 | F23: =SUM(C23:E23) -> 0
B24: Total lease liabilities | C24: =SUM(C21:C23) -> 193 | D24: =SUM(D21:D23) -> 0 | E24: =SUM(E21:E23) -> 0 | F24: =SUM(F21:F23) -> 193 | G24: =SUM(G21:G23) -> 0
B27: Business-type Activities-Solid Waste
C28: Balance at October 1, 2025 | D28: Additions | E28: Deductions | F28: Balance at September 30, 2026 | G28: Amount due within one year
B29: Land | C29: 0 | F29: =SUM(C29:E29) -> 0
B30: Buildings | C30: 0 | F30: =SUM(C30:E30) -> 0
B31: Equipment | C31: 0 | F31: =SUM(C31:E31) -> 0
B32: Total lease liabilities | C32: =SUM(C29:C31) -> 0 | D32: =SUM(D29:D31) -> 0 | E32: =SUM(E29:E31) -> 0 | F32: =SUM(F29:F31) -> 0 | G32: =SUM(G29:G31) -> 0
B35: Business-type Activities-Seaport
C36: Balance at October 1, 2025 | D36: Additions | E36: Deductions | F36: Balance at September 30, 2026 | G36: Amount due within one year
B37: Land | C37: 0 | F37: =SUM(C37:E37) -> 0
B38: Buildings | C38: 2434 | F38: =SUM(C38:E38) -> 2434
B39: Equipment | C39: 0 | F39: =SUM(C39:E39) -> 0
B40: Total lease liabilities | C40: =SUM(C37:C39) -> 2434 | D40: =SUM(D37:D39) -> 0 | E40: =SUM(E37:E39) -> 0 | F40: =SUM(F37:F39) -> 2434 | G40: =SUM(G37:G39) -> 0
B43: Business-type Activities-Aviation
C44: Balance at October 1, 2025 | D44: Additions | E44: Deductions | F44: Balance at September 30, 2026 | G44: Amount due within one year
B45: Land | C45: 0 | F45: =SUM(C45:E45) -> 0
B46: Buildings | C46: 5710 | F46: =SUM(C46:E46) -> 5710
B47: Equipment | C47: 0 | F47: =SUM(C47:E47) -> 0
B48: Total lease liabilities | C48: =SUM(C45:C47) -> 5710 | D48: =SUM(D45:D47) -> 0 | E48: =SUM(E45:E47) -> 0 | F48: =SUM(F45:F47) -> 5710 | G48: =SUM(G45:G47) -> 0
B51: Business-type Activities-WASD
C52: Balance at October 1, 2025 | D52: Additions | E52: Deductions | F52: Balance at September 30, 2026 | G52: Amount due within one year
B53: Land | C53: 0 | F53: =SUM(C53:E53) -> 0
B54: Buildings | C54: 0 | F54: =SUM(C54:E54) -> 0
B55: Equipment | C55: 278 | F55: =SUM(C55:E55) -> 278
B56: Total lease liabilities | C56: =SUM(C53:C55) -> 278 | D56: =SUM(D53:D55) -> 0 | E56: =SUM(E53:E55) -> 0 | F56: =SUM(F53:F55) -> 278 | G56: =SUM(G53:G55) -> 0
B59: Business-type Activities-PHT
C60: Balance at October 1, 2025 | D60: Additions | E60: Deductions | F60: Balance at September 30, 2026 | G60: Amount due within one year
B61: Land | C61: 0 | F61: =SUM(C61:E61) -> 0
B62: Buildings | C62: 50485 | F62: =SUM(C62:E62) -> 50485
B63: Equipment | C63: 22957 | F63: =SUM(C63:E63) -> 22957
B64: Total lease liabilities | C64: =SUM(C61:C63) -> 73442 | D64: =SUM(D61:D63) -> 0 | E64: =SUM(E61:E63) -> 0 | F64: =SUM(F61:F63) -> 73442 | G64: =SUM(G61:G63) -> 0
B67: Business-type Activities-Rickenbacker-N/A
C68: Balance at October 1, 2025 | D68: Additions | E68: Deductions | F68: Balance at September 30, 2026 | G68: Amount due within one year
B69: Land | C69: 0 | F69: =SUM(C69:E69) -> 0
B70: Buildings | C70: 0 | F70: =SUM(C70:E70) -> 0
B71: Equipment | C71: 0 | F71: =SUM(C71:E71) -> 0
B72: Total lease liabilities | C72: =SUM(C69:C71) -> 0 | D72: =SUM(D69:D71) -> 0 | E72: =SUM(E69:E71) -> 0 | F72: =SUM(F69:F71) -> 0 | G72: =SUM(G69:G71) -> 0

Sheet Future lease pymt
B1: Note: Please find your department below. If your department is not listed below, please add a table to report your balances.
B3: Governmental Activities
C4: Principal | D4: Interest | E4: Total
B5: Year ending September 30,
B6: 2027 | E6: =SUM(C6:D6) -> 0
B7: 2028 | E7: =SUM(C7:D7) -> 0
B8: 2029 | E8: =SUM(C8:D8) -> 0
B9: 2030 | E9: =SUM(C9:D9) -> 0
B10: 2031 | E10: =SUM(C10:D10) -> 0
B11: 2032-2036 | E11: =SUM(C11:D11) -> 0
B12: 2037-2041 | E12: =SUM(C12:D12) -> 0
B13: 2042-2046 | E13: =SUM(C13:D13) -> 0
C14: {=SUM(ROUND(C6:C13,0))} -> 0 | D14: {=SUM(ROUND(D6:D13,0))} -> 0 | E14: {=SUM(ROUND(E6:E13,0))} -> 0
B16: Governmental Activities
C17: Principal | D17: Interest | E17: Total
B18: Year ending September 30,
B19: 2027 | E19: =SUM(C19:D19) -> 0
B20: 2028 | E20: =SUM(C20:D20) -> 0
B21: 2029 | E21: =SUM(C21:D21) -> 0
B22: 2030 | E22: =SUM(C22:D22) -> 0
B23: 2031 | E23: =SUM(C23:D23) -> 0
B24: 2032-2036 | E24: =SUM(C24:D24) -> 0
B25: 2037-2041 | E25: =SUM(C25:D25) -> 0
B26: 2042-2046 | E26: =SUM(C26:D26) -> 0
C27: {=SUM(ROUND(C19:C26,0))} -> 0 | D27: {=SUM(ROUND(D19:D26,0))} -> 0 | E27: {=SUM(ROUND(E19:E26,0))} -> 0
B30: Business-type Activities
C31: Principal | D31: Interest | E31: Total
B32: Year ending September 30,
B33: 2027 | E33: =SUM(C33:D33) -> 0
B34: 2028 | E34: =SUM(C34:D34) -> 0
B35: 2029 | E35: =SUM(C35:D35) -> 0
B36: 2030 | E36: =SUM(C36:D36) -> 0
B37: 2031 | E37: =SUM(C37:D37) -> 0
B38: 2032-2036 | E38: =SUM(C38:D38) -> 0
B39: 2037-2041 | E39: =SUM(C39:D39) -> 0
B40: 2042-2046 | E40: =SUM(C40:D40) -> 0
C41: {=SUM(ROUND(C33:C40,0))} -> 0 | D41: {=SUM(ROUND(D33:D40,0))} -> 0 | E41: {=SUM(ROUND(E33:E40,0))} -> 0
B44: Business-type Activities-Transit
C45: Principal | D45: Interest | E45: Total
B46: Year ending September 30,
B47: 2027 | E47: =SUM(C47:D47) -> 0
B48: 2028 | E48: =SUM(C48:D48) -> 0
B49: 2029 | E49: =SUM(C49:D49) -> 0
B50: 2030 | E50: =SUM(C50:D50) -> 0
B51: 2031 | E51: =SUM(C51:D51) -> 0
B52: 2032-2036 | E52: =SUM(C52:D52) -> 0
B53: 2037-2041 | E53: =SUM(C53:D53) -> 0
B54: 2042-2046 | E54: =SUM(C54:D54) -> 0
B55: 2047-2051 | E55: =SUM(C55:D55) -> 0
B56: 2052-2056 | E56: =SUM(C56:D56) -> 0
B57: 2057-2061 | E57: =SUM(C57:D57) -> 0
B58: 2062-2066 | E58: =SUM(C58:D58) -> 0 | F58: Liab RF | G58: Var
C59: =SUM(C47:C58) -> 0 | D59: =SUM(D47:D58) -> 0 | E59: =SUM(E47:E58) -> 0 | F59: ='Lease liability'!F24 -> 193 | G59: =C59-F59 -> -193
B61: Business-type Activities-Solid Waste
C62: Principal | D62: Interest | E62: Total
B63: Year ending September 30,
B64: 2027 | E64: =SUM(C64:D64) -> 0
B65: 2028 | E65: =SUM(C65:D65) -> 0
B66: 2029 | E66: =SUM(C66:D66) -> 0
B67: 2030 | E67: =SUM(C67:D67) -> 0
B68: 2031 | E68: =SUM(C68:D68) -> 0
B69: 2032-2036 | E69: =SUM(C69:D69) -> 0
B70: 2037-2041 | E70: =SUM(C70:D70) -> 0
B71: 2042-2046 | E71: =SUM(C71:D71) -> 0
B72: 2047-2051 | E72: =SUM(C72:D72) -> 0
B73: 2052-2056 | E73: =SUM(C73:D73) -> 0
B74: 2057-2061 | E74: =SUM(C74:D74) -> 0
B75: 2062-2066 | E75: =SUM(C75:D75) -> 0
C76: =SUM(C64:C75) -> 0 | D76: =SUM(D64:D75) -> 0 | E76: =SUM(E64:E75) -> 0 | F76: ='Lease liability'!F32 -> 0 | G76: =+C76-F76 -> 0
B79: Business-type Activities-Seaport
C80: Principal | D80: Interest | E80: Total
B81: Year ending September 30,
B82: 2027 | E82: =SUM(C82:D82) -> 0
B83: 2028 | E83: =SUM(C83:D83) -> 0
B84: 2029 | E84: =SUM(C84:D84) -> 0
B85: 2030 | E85: =SUM(C85:D85) -> 0
B86: 2031 | E86: =SUM(C86:D86) -> 0
B87: 2032-2036 | E87: =SUM(C87:D87) -> 0
B88: 2037-2041 | E88: =SUM(C88:D88) -> 0
B89: 2042-2046 | E89: =SUM(C89:D89) -> 0
B90: 2047-2051 | E90: =SUM(C90:D90) -> 0
B91: 2052-2056 | E91: =SUM(C91:D91) -> 0
B92: 2057-2061 | E92: =SUM(C92:D92) -> 0
B93: 2062-2066 | E93: =SUM(C93:D93) -> 0
C94: =SUM(C82:C93) -> 0 | D94: =SUM(D82:D93) -> 0 | E94: =SUM(E82:E93) -> 0 | F94: ='Lease liability'!F40 -> 2434 | G94: =+C94-F94 -> -2434
B97: Business-type Activities-Aviation
C98: Principal | D98: Interest | E98: Total
B99: Year ending September 30,
B100: 2027 | E100: =SUM(C100:D100) -> 0
B101: 2028 | E101: =SUM(C101:D101) -> 0
B102: 2029 | E102: =SUM(C102:D102) -> 0
B103: 2030 | E103: =SUM(C103:D103) -> 0
B104: 2031 | E104: =SUM(C104:D104) -> 0
B105: 2032-2036 | E105: =SUM(C105:D105) -> 0
B106: 2037-2041 | E106: =SUM(C106:D106) -> 0
B107: 2042-2046 | E107: =SUM(C107:D107) -> 0
B108: 2047-2051 | E108: =SUM(C108:D108) -> 0
B109: 2052-2056 | E109: =SUM(C109:D109) -> 0
B110: 2057-2061 | E110: =SUM(C110:D110) -> 0
B111: 2062-2066 | E111: =SUM(C111:D111) -> 0
...

Sheet Lease receivable
A1: Govermental Activities | B1: Note: Please find your department below. If your department is not listed below, please add a table to report your balances.
B3: Govermental Activities
C4: Balance at October 1, 2025 | D4: Additions | E4: Deductions | F4: Balance at September 30, 2026 | G4: Amount due within one year
B5: Land | C5: 1101 | F5: =+C5+D5+E5 -> 1101
B6: Buildings | C6: 92396 | D6: 0 | F6: =+C6+D6+E6 -> 92396
B7: Total lease receivables | C7: {=SUM(ROUND(C5:C6,0))} -> 93497 | D7: {=SUM(ROUND(D5:D6,0))} -> 0 | E7: {=SUM(ROUND(E5:E6,0))} -> 0 | F7: {=SUM(ROUND(F5:F6,0))} -> 93497 | G7: {=SUM(ROUND(G5:G6,0))} -> 0
B10: Business-type Activities
C12: Balance at October 1, 2025 | D12: Additions | E12: Deductions | F12: Balance at September 30, 2026 | G12: Amount due within one year
B13: Land | C13: =C22+C29+C37+C45+C53+C61+C69 -> 347051 | F13: =+C13+D13+E13 -> 347051
B14: Buildings | C14: =C23+C30+C38+C46+C54+C62+C70 -> 807229 | F14: =+C14+D14+E14 -> 807229
B15: Total lease receivables | C15: {=SUM(ROUND(C13:C14,0))} -> 1154280 | D15: {=SUM(ROUND(D13:D14,0))} -> 0 | E15: {=SUM(ROUND(E13:E14,0))} -> 0 | F15: {=SUM(ROUND(F13:F14,0))} -> 1154280 | G15: {=SUM(ROUND(G13:G14,0))} -> 0
B19: Business-type Activities-Transit
C21: Balance at October 1, 2025 | D21: Additions | E21: Deductions | F21: Balance at September 30, 2026 | G21: Amount due within one year
B22: Land | C22: 118242 | F22: =+C22+D22+E22 -> 118242
B23: Buildings | C23: 0 | F23: =+C23+D23+E23 -> 0
B24: Total lease receivables | C24: =SUM(C22:C23) -> 118242 | D24: =SUM(D22:D23) -> 0 | E24: =SUM(E22:E23) -> 0 | F24: =SUM(F22:F23) -> 118242 | G24: =SUM(G22:G23) -> 0
B26: Business-type Activities-Solid Waste
C28: Balance at October 1, 2025 | D28: Additions | E28: Deductions | F28: Balance at September 30, 2026 | G28: Amount due within one year
B29: Land | C29: 1434 | F29: =+C29+D29+E29 -> 1434
B30: Buildings | F30: =+C30+D30+E30 -> 0
B31: Total lease receivables | C31: =SUM(C29:C30) -> 1434 | D31: =SUM(D29:D30) -> 0 | E31: =SUM(E29:E30) -> 0 | F31: =SUM(F29:F30) -> 1434 | G31: =SUM(G29:G30) -> 0
B34: Business-type Activities-Seaport
C36: Balance at October 1, 2025 | D36: Additions | E36: Deductions | F36: Balance at September 30, 2026 | G36: Amount due within one year
B37: Land | C37: 1181 | F37: =+C37+D37+E37 -> 1181
B38: Buildings | C38: 766392 | F38: =+C38+D38+E38 -> 766392
B39: Total lease receivables | C39: =SUM(C37:C38) -> 767573 | D39: =SUM(D37:D38) -> 0 | E39: =SUM(E37:E38) -> 0 | F39: =SUM(F37:F38) -> 767573 | G39: =SUM(G37:G38) -> 0
B42: Business-type Activities-Aviation
C44: Balance at October 1, 2025 | D44: Additions | E44: Deductions | F44: Balance at September 30, 2026 | G44: Amount due within one year
B45: Land | C45: 225733 | F45: =+C45+D45+E45 -> 225733
B46: Buildings | C46: 30280 | F46: =+C46+D46+E46 -> 30280
B47: Total lease receivables | C47: =SUM(C45:C46) -> 256013 | D47: =SUM(D45:D46) -> 0 | E47: =SUM(E45:E46) -> 0 | F47: =SUM(F45:F46) -> 256013 | G47: =SUM(G45:G46) -> 0
B50: Business-type Activities-WASD
C52: Balance at October 1, 2025 | D52: Additions | E52: Deductions | F52: Balance at September 30, 2026 | G52: Amount due within one year
B53: Land | F53: =+C53+D53+E53 -> 0
B54: Buildings | F54: =+C54+D54+E54 -> 0
B55: Total lease receivables | C55: =SUM(C53:C54) -> 0 | D55: =SUM(D53:D54) -> 0 | E55: =SUM(E53:E54) -> 0 | F55: =SUM(F53:F54) -> 0 | G55: =SUM(G53:G54) -> 0
B58: Business-type Activities-PHT
C60: Balance at October 1, 2025 | D60: Additions | E60: Deductions | F60: Balance at September 30, 2026 | G60: Amount due within one year
B61: Land | C61: 0 | F61: =+C61+D61+E61 -> 0
B62: Buildings | C62: 10557 | F62: =+C62+D62+E62 -> 10557
B63: Total lease receivables | C63: =SUM(C61:C62) -> 10557 | D63: =SUM(D61:D62) -> 0 | E63: =SUM(E61:E62) -> 0 | F63: =SUM(F61:F62) -> 10557 | G63: =SUM(G61:G62) -> 0
B66: Business-type Activities-Rickenbacker
C68: Balance at October 1, 2025 | D68: Additions | E68: Deductions | F68: Balance at September 30, 2026 | G68: Amount due within one year
B69: Land | C69: 461 | F69: =+C69+D69+E69 -> 461
B70: Buildings | C70: 0 | F70: =+C70+D70+E70 -> 0
B71: Total lease receivables | C71: =SUM(C69:C70) -> 461 | D71: =SUM(D69:D70) -> 0 | E71: =SUM(E69:E70) -> 0 | F71: =SUM(F69:F70) -> 461 | G71: =SUM(G69:G70) -> 0

Sheet Deferred inflows
B1: Note: Please find your department below. If your department is not listed below, please add a table to report your balances.
B3: Govermental Activities
C4: Balance at October 1, 2025 | D4: Additions | E4: Deductions | F4: Balance at September 30, 2026
B5: Land | C5: 1100 | D5: 0 | F5: =+C5+D5-E5 -> 1100
B6: Buildings | C6: 88569 | D6: 0 | F6: =+C6+D6-E6 -> 88569
B7: Total deferred inflows | C7: {=SUM(ROUND(C5:C6,0))} -> 89669 | D7: {=SUM(ROUND(D5:D6,0))} -> 0 | E7: {=SUM(ROUND(E5:E6,0))} -> 0 | F7: {=SUM(ROUND(F5:F6,0))} -> 89669
B11: Business-type Activities
C12: Balance at October 1, 2025 | D12: Additions | E12: Deductions | F12: Balance at September 30, 2026
B13: Land | C13: =C20+C27+C34+C41+C48+C55+C62 -> 347956 | D13: =D20+D27+D34+D41+D48+D55+D62 -> 0 | E13: =E20+E27+E34+E41+E48+E55+E62 -> 0 | F13: =+C13+D13+E13 -> 347956
B14: Buildings | C14: =C21+C28+C35+C42+C49+C56+C63 -> 779456 | D14: =D21+D28+D35+D42+D49+D56+D63 -> 0 | E14: =E21+E28+E35+E42+E49+E56+E63 -> 0 | F14: =+C14+D14+E14 -> 779456
B15: Total deferred inflows | C15: {=SUM(ROUND(C13:C14,0))} -> 1127412 | D15: {=SUM(ROUND(D13:D14,0))} -> 0 | E15: {=SUM(ROUND(E13:E14,0))} -> 0 | F15: {=SUM(ROUND(F13:F14,0))} -> 1127412
C17: =+SUM(C13:C14)-C15 -> 0 | D17: =+SUM(D13:D14)-D15 -> 0 | E17: =+SUM(E13:E14)-E15 -> 0 | F17: =+SUM(F13:F14)-F15 -> 0
B18: Business-type Activities-Transit
C19: Balance at October 1, 2025 | D19: Additions | E19: Deductions | F19: Balance at September 30, 2026
B20: Land | C20: 126136 | F20: =+C20+D20+E20 -> 126136
B21: Buildings | C21: 0 | F21: =+C21+D21+E21 -> 0
B22: Total deferred inflows | C22: =SUM(C20:C21) -> 126136 | D22: =SUM(D20:D21) -> 0 | E22: =SUM(E20:E21) -> 0 | F22: =SUM(F20:F21) -> 126136
B25: Business-type Activities-Solid Waste
C26: Balance at October 1, 2025 | D26: Additions | E26: Deductions | F26: Balance at September 30, 2026
B27: Land | C27: 1395 | F27: =+C27+D27+E27 -> 1395
B28: Buildings | C28: 0 | F28: =+C28+D28+E28 -> 0
B29: Total deferred inflows | C29: =SUM(C27:C28) -> 1395 | D29: =SUM(D27:D28) -> 0 | E29: =SUM(E27:E28) -> 0 | F29: =SUM(F27:F28) -> 1395
B32: Business-type Activities-Seaport
C33: Balance at October 1, 2025 | D33: Additions | E33: Deductions | F33: Balance at September 30, 2026
B34: Land | C34: 1399 | F34: =+C34+D34+E34 -> 1399
B35: Buildings | C35: 720281 | F35: =+C35+D35+E35 -> 720281
B36: Total deferred inflows | C36: =SUM(C34:C35) -> 721680 | D36: =SUM(D34:D35) -> 0 | E36: =SUM(E34:E35) -> 0 | F36: =SUM(F34:F35) -> 721680
B39: Business-type Activities-Aviation
C40: Balance at October 1, 2025 | D40: Additions | E40: Deductions | F40: Balance at September 30, 2026
B41: Land | C41: 218529 | F41: =+C41+D41+E41 -> 218529
B42: Buildings | C42: 26523 | F42: =+C42+D42+E42 -> 26523
B43: Total deferred inflows | C43: =SUM(C41:C42) -> 245052 | D43: =SUM(D41:D42) -> 0 | E43: =SUM(E41:E42) -> 0 | F43: =SUM(F41:F42) -> 245052
B46: Business-type Activities-WASD
C47: Balance at October 1, 2025 | D47: Additions | E47: Deductions | F47: Balance at September 30, 2026
B48: Land | C48: 0 | F48: =+C48+D48+E48 -> 0
B49: Buildings | C49: 0 | F49: =+C49+D49+E49 -> 0
B50: Total deferred inflows | C50: =SUM(C48:C49) -> 0 | D50: =SUM(D48:D49) -> 0 | E50: =SUM(E48:E49) -> 0 | F50: =SUM(F48:F49) -> 0
B53: Business-type Activities-PHT
C54: Balance at October 1, 2025 | D54: Additions | E54: Deductions | F54: Balance at September 30, 2026
B55: Land | C55: 0 | F55: =+C55+D55+E55 -> 0
B56: Buildings | C56: 32652 | F56: =+C56+D56+E56 -> 32652
B57: Total deferred inflows | C57: =SUM(C55:C56) -> 32652 | D57: =SUM(D55:D56) -> 0 | E57: =SUM(E55:E56) -> 0 | F57: =SUM(F55:F56) -> 32652
B60: Business-type Activities-Rickenbacker
C61: Balance at October 1, 2025 | D61: Additions | E61: Deductions | F61: Balance at September 30, 2026
B62: Land | C62: 497 | F62: =+C62+D62+E62 -> 497
B63: Buildings | C63: 0 | F63: =+C63+D63+E63 -> 0
B64: Total deferred inflows | C64: =SUM(C62:C63) -> 497 | D64: =SUM(D62:D63) -> 0 | E64: =SUM(E62:E63) -> 0 | F64: =SUM(F62:F63) -> 497

Sheet Future lease rec
B1: Note: Please find your department below. If your department is not listed below, please add a table to report your balances.
B3: Govermental Activities
C4: Principal | D4: Interest | E4: Total
B5: Year ending September 30,
B6: 2027 | E6: =+C6+D6 -> 0
B7: 2028 | E7: =+C7+D7 -> 0
B8: 2029 | E8: =+C8+D8 -> 0
B9: 2030 | E9: =+C9+D9 -> 0
B10: 2031 | E10: =+C10+D10 -> 0
B11: 2032-2036 | E11: =+C11+D11 -> 0
B12: 2037-2041 | E12: =+C12+D12 -> 0
B13: 2042-2046 | E13: =+C13+D13 -> 0
B14: 2047-2051 | E14: =+C14+D14 -> 0
B15: 2052-2056 | E15: =+C15+D15 -> 0
B16: 2057-2061 | E16: =+C16+D16 -> 0
B17: 2062-2066 | E17: =+C17+D17 -> 0
B18: 2067-2071 | E18: =+C18+D18 -> 0
B19: 2072-2076 | E19: =+C19+D19 -> 0
B20: 2077-2081 | E20: =+C20+D20 -> 0
B21: 2082-2086 | E21: =+C21+D21 -> 0
B22: 2087-2091 | E22: =+C22+D22 -> 0
... B27: 2112-2116 | E27: =+C27+D27 -> 0
C28: =SUM(C6:C27) -> 0 | D28: =SUM(D6:D27) -> 0 | E28: =SUM(E6:E27) -> 0
B30: Govermental Activities
C31: Principal | D31: Interest | E31: Total
B32: Year ending September 30,
B33: 2027 | C33: =C6/1000 -> 0 | D33: =D6/1000 -> 0 | E33: =+C33+D33 -> 0
B34: 2028 | C34: =C7/1000 -> 0 | D34: =D7/1000 -> 0 | E34: =+C34+D34 -> 0
B35: 2029 | C35: =C8/1000 -> 0 | D35: =D8/1000 -> 0 | E35: =+C35+D35 -> 0
B36: 2030 | C36: =C9/1000 -> 0 | D36: =D9/1000 -> 0 | E36: =+C36+D36 -> 0
B37: 2031 | C37: =C10/1000 -> 0 | D37: =D10/1000 -> 0 | E37: =+C37+D37 -> 0
B38: 2032-2036 | C38: =C11/1000 -> 0 | D38: =D11/1000 -> 0 | E38: =+C38+D38 -> 0
B39: 2037-2041 | C39: =C12/1000 -> 0 | D39: =D12/1000 -> 0 | E39: =+C39+D39 -> 0
B40: 2042-2046 | C40: =C13/1000 -> 0 | D40: =D13/1000 -> 0 | E40: =+C40+D40 -> 0
B41: 2047-2051 | C41: =C14/1000 -> 0 | D41: =D14/1000 -> 0 | E41: =+C41+D41 -> 0
B42: 2052-2056 | C42: =C15/1000 -> 0 | D42: =D15/1000 -> 0 | E42: =+C42+D42 -> 0
B43: 2057-2061 | C43: =C16/1000 -> 0 | D43: =D16/1000 -> 0 | E43: =+C43+D43 -> 0
B44: 2062-2066 | C44: =C17/1000 -> 0 | D44: =D17/1000 -> 0 | E44: =+C44+D44 -> 0
B45: 2067-2071 | C45: =C18/1000 -> 0 | D45: =D18/1000 -> 0 | E45: =+C45+D45 -> 0
B46: 2072-2076 | C46: =C19/1000 -> 0 | D46: =D19/1000 -> 0 | E46: =+C46+D46 -> 0
B47: 2077-2081 | C47: =C20/1000 -> 0 | D47: =D20/1000 -> 0 | E47: =+C47+D47 -> 0
B48: 2082-2086 | C48: =C21/1000 -> 0 | D48: =D21/1000 -> 0 | E48: =+C48+D48 -> 0
B49: 2087-2091 | C49: =C22/1000 -> 0 | D49: =D22/1000 -> 0 | E49: =+C49+D49 -> 0
... B54: 2112-2116 | C54: =C27/1000 -> 0 | D54: =D27/1000 -> 0 | E54: =+C54+D54 -> 0
C55: {=SUM(ROUND(C33:C54,0))} -> 0 | D55: {=SUM(ROUND(D33:D54,0))} -> 0 | E55: {=SUM(ROUND(E33:E54,0))} -> 0
B57: Business-type Activities
C58: Principal | D58: Interest | E58: Total
B59: Year ending September 30,
B60: 2027 | C60: =C91+C122+C153+C184+C215+C246+C277 -> 0 | D60: =D91+D122+D153+D184+D215+D246+D277 -> 0 | E60: =+C60+D60 -> 0
B61: 2028 | C61: =C92+C123+C154+C185+C216+C247+C278 -> 0 | D61: =D92+D123+D154+D185+D216+D247+D278 -> 0 | E61: =+C61+D61 -> 0
B62: 2029 | C62: =C93+C124+C155+C186+C217+C248+C279 -> 0 | D62: =D93+D124+D155+D186+D217+D248+D279 -> 0 | E62: =+C62+D62 -> 0
B63: 2030 | C63: =C94+C125+C156+C187+C218+C249+C280 -> 0 | D63: =D94+D125+D156+D187+D218+D249+D280 -> 0 | E63: =+C63+D63 -> 0
B64: 2031 | C64: =C95+C126+C157+C188+C219+C250+C281 -> 0 | D64: =D95+D126+D157+D188+D219+D250+D281 -> 0 | E64: =+C64+D64 -> 0
B65: 2032-2036 | C65: =C96+C127+C158+C189+C220+C251+C282 -> 0 | D65: =D96+D127+D158+D189+D220+D251+D282 -> 0 | E65: =+C65+D65 -> 0
B66: 2037-2041 | C66: =C97+C128+C159+C190+C221+C252+C283 -> 0 | D66: =D97+D128+D159+D190+D221+D252+D283 -> 0 | E66: =+C66+D66 -> 0
B67: 2042-2046 | C67: =C98+C129+C160+C191+C222+C253+C288 -> 0 | D67: =D98+D129+D160+D191+D222+D253+D288 -> 0 | E67: =+C67+D67 -> 0
B68: 2047-2051 | C68: =C99+C130+C161+C192+C223+C254+C289 -> 0 | D68: =D99+D130+D161+D192+D223+D254+D289 -> 0 | E68: =+C68+D68 -> 0
B69: 2052-2056 | C69: =C100+C131+C162+C197+C224+C255+C290 -> 0 | D69: =D100+D131+D162+D197+D224+D255+D290 -> 0 | E69: =+C69+D69 -> 0
B70: 2057-2061 | C70: =C101+C132+C163+C198+C229+C256+C291 -> 0 | D70: =D101+D132+D163+D198+D229+D256+D291 -> 0 | E70: =+C70+D70 -> 0
B71: 2062-2066 | C71: =C102+C133+C164+C199+C230+C257+C292 -> 0 | D71: =D102+D133+D164+D199+D230+D257+D292 -> 0 | E71: =+C71+D71 -> 0
B72: 2067-2071 | C72: =C103+C134+C165+C200+C231+C258+C293 -> 0 | D72: =D103+D134+D165+D200+D231+D258+D293 -> 0 | E72: =+C72+D72 -> 0
B73: 2072-2076 | C73: =C104+C135+C166+C201+C232+C259+C294 -> 0 | D73: =D104+D135+D166+D201+D232+D259+D294 -> 0 | E73: =+C73+D73 -> 0
B74: 2077-2081 | C74: =C105+C136+C171+C202+C233+C264+C295 -> 0 | D74: =D105+D136+D171+D202+D233+D264+D295 -> 0 | E74: =+C74+D74 -> 0
B75: 2082-2086 | C75: =C106+C137+C172+C203+C234+C265+C296 -> 0 | D75: =D106+D137+D172+D203+D234+D265+D296 -> 0 | E75: =+C75+D75 -> 0
B76: 2087-2091 | C76: =C107+C138+C173+C204+C235+C266+C297 -> 0 | D76: =D107+D138+D173+D204+D235+D266+D297 -> 0 | E76: =+C76+D76 -> 0
B77: 2092-2096 | C77: =C108+C139+C174+C205+C236+C267+C298 -> 0 | D77: =D108+D139+D174+D205+D236+D267+D298 -> 0 | E77: =+C77+D77 -> 0
B78: 2097-2101 | C78: =C109+C144+C175+C206+C237+C268+C299 -> 0 | D78: =D109+D144+D175+D206+D237+D268+D299 -> 0 | E78: =+C78+D78 -> 0
B79: 2102-2106 | C79: =C110+C145+C176+C207+C238+C269+C300 -> 0 | D79: =D110+D145+D176+D207+D238+D269+D300 -> 0 | E79: =+C79+D79 -> 0
B80: 2107-2111 | C80: =C111+C146+C177+C208+C239+C270+C301 -> 0 | D80: =D111+D146+D177+D208+D239+D270+D301 -> 0 | E80: =+C80+D80 -> 0
B81: 2112-2116 | C81: =C112+C147+C178+C209+C240+C271+C302 -> 0 | D81: =D112+D147+D178+D209+D240+D271+D302 -> 0 | E81: =+C81+D81 -> 0
B82: 2117-2121 | C82: =C113 -> 0 | D82: =D113 -> 0 | E82: =+C82+D82 -> 0
B83: 2122-2126 | C83: =C114 -> 0 | D83: =D114 -> 0 | E83: =+C83+D83 -> 0
B84: 2127-2131 | C84: =C115 -> 0 | D84: =D115 -> 0 | E84: =+C84+D84 -> 0
B85: 2132-2136 | C85: =C116 -> 0 | D85: =D116 -> 0 | E85: =+C85+D85 -> 0
C86: =SUM(C60:C85) -> 0 | D86: =SUM(D60:D85) -> 0 | E86: =SUM(E60:E85) -> 0
B88: Business-type Activities-Transit
C89: Principal | D89: Interest | E89: Total
B90: Year ending September 30,
B91: 2027 | E91: =+C91+D91 -> 0
B92: 2028 | E92: =+C92+D92 -> 0
B93: 2029 | E93: =+C93+D93 -> 0
B94: 2030 | E94: =+C94+D94 -> 0
B95: 2031 | E95: =+C95+D95 -> 0
B96: 2032-2036 | E96: =+C96+D96 -> 0
B97: 2037-2041 | E97: =+C97+D97 -> 0
B98: 2042-2046 | E98: =+C98+D98 -> 0
B99: 2047-2051 | E99: =+C99+D99 -> 0
B100: 2052-2056 | E100: =+C100+D100 -> 0
B101: 2057-2061 | E101: =+C101+D101 -> 0
B102: 2062-2066 | E102: =+C102+D102 -> 0
B103: 2067-2071 | E103: =+C103+D103 -> 0
B104: 2072-2076 | E104: =+C104+D104 -> 0
B105: 2077-2081 | E105: =+C105+D105 -> 0
B106: 2082-2086 | E106: =+C106+D106 -> 0
B107: 2087-2091 | E107: =+C107+D107 -> 0
... B116: 2132-2136 | E116: =+C116+D116 -> 0
C117: =SUM(C91:C116) -> 0 | D117: =SUM(D91:D116) -> 0 | E117: =SUM(E91:E116) -> 0 | F117: ='Lease receivable'!F24 -> 118242 | G117: =C117-F117 -> -118242
B119: Business-type Activities-Solid Waste
C120: Principal | D120: Interest | E120: Total
B121: Year ending September 30,
...
